 Dungeon Crawl Stone Soup version 0.30-a0-782-ge64f9170bb (console) character file.

Game seed: 7903163933083607111

1788 Banquo the Magician (level 9, -10/63 HPs)
             Began as a Djinni Air Elementalist on Feb 18, 2023.
             Was a Follower of Qazlal.
             Shot with a sling bullet by Joseph (11 damage)
             ... on level 7 of the Dungeon.
             The game lasted 00:18:28 (7421 turns).

Banquo the Magician (Djinni Air Elementalist)       Turns: 7421, Time: 00:18:28

Health: -10/63     AC:  7    Str:  7    XL:     9   Next: 29%
Gold:   374        EV: 13    Int: 22    God:    Qazlal [*.....] SH:  2 Dex: 13

rFire   + + .      SeeInvis .    C - staff of cold
rCold   . . .      Faith    .    (no shield)
rNeg    . . .      Spirit   .    a - +0 robe
rPois   ∞          Reflect  .    o - +0 helmet
rElec   .          Harm     .    m - +2 cloak {Will+}
rCorr   .          Rampage  .    H - +0 pair of gloves
Will    +....                    (boots unavailable)
Stlth   ++                       (no amulet)
HPRegen 0.30/turn                K - +4 ring of slaying
MPRegen 0.00/turn                (no ring)

@: flying
A: sickness immunity, fire resistance 2, cold vulnerability 1, float, innate
caster, HP casting, extra vitality 1
a: Renounce Religion


You were on level 7 of the Dungeon.
You worshipped Qazlal.
Qazlal was aware of your devotion.
You visited 1 branch of the dungeon, and saw 7 of its levels.

You collected 374 gold pieces.

Inventory:

Hand Weapons
 h - a +0 dagger
 k - a +0 rapier
 n - a +1 dagger of freezing
 u - a +1 dagger of electrocution
 x - a +0 short sword of protection
 L - a +3 mace
Armour
 a - a +0 robe (worn)
 m - a +2 cloak of willpower (worn)
 o - a +0 helmet (worn)
 E - a +1 hat
 H - a +0 pair of gloves (worn)
Magical Staves
 C - a staff of cold (weapon)
Jewellery
 t - a ring of positive energy
 B - a ring of see invisible
 K - a +4 ring of slaying (left hand)
Wands
 D - a wand of digging (12)
 J - a wand of charming (13)
Scrolls
 e - 3 scrolls of fear {unknown}
 f - 2 scrolls of blinking {unknown}
 i - 2 scrolls of noise {unknown}
 p - 2 scrolls of teleportation {unknown}
 q - a scroll of immolation {unknown}
 s - 2 scrolls of silence {unknown}
 v - 2 scrolls of magic mapping {unknown}
 w - a scroll of fog {unknown}
 y - 2 scrolls of vulnerability {unknown}
 z - a scroll of poison {unknown}
 F - a scroll of enchant weapon {unknown}
 G - a scroll of butterflies {unknown}
Potions
 b - a potion of mutation
 c - 2 potions of cancellation
 d - 5 potions of flight {unknown}
 g - a potion of curing
 j - a potion of heal wounds {unknown}
 l - 2 potions of might
 r - a potion of brilliance {unknown}
 A - a potion of magic {unknown}
 I - a potion of ambrosia {unknown}


   Skills:
 * Level 4.4 Fighting
 * Level 4.7 Dodging
 - Level 1.5 Stealth
 + Level 7.2 Spellcasting
 * Level 3.5 Invocations


You had 2 spell levels left.
You knew the following spells:

 Your Spells              Type           Power      Damage    Failure   Level
a - Shock                 Conj/Air       100%       1d9       1%          1
b - Airstrike             Air            19%        2d(3-19)  4%          4
c - Inner Flame           Hex/Fire       39%        N/A       1%          3
d - Static Discharge      Conj/Air       78%        2-6/arc   1%          2
e - Necrotise             Necr           100%       1d9       1%          1
w - Flame Wave            Conj/Fire      39%        2d11      4%          4
z - Poisonous Vapours     Pois/Air       78%        N/A       1%          2
M - Swiftness             Air            39%        N/A       1%          3
Your spell library was empty.

Dungeon Overview and Level Annotations

Branches:
Dungeon (7/15)             Temple (0/1) D:5

Altars:
Ashenzari
Makhleb
Qazlal
Ru
Yredelemnul

Annotations:
D:5 1 runed translucent door, Crazy Yiuf
D:7 Joseph


Innate Abilities, Weirdness & Mutations

You are immune to sickness and miasma.
You are immune to poison.
Your flesh is very heat resistant. (rF++)
You are vulnerable to cold. (rC-)
You float through the air rather than walking.
You learn spells naturally, not from books.
Your magical power is your life essence.
You have superior vitality. (+4 MHP)


Message History

There is a stone staircase leading up here.
Casting: Poisonous Vapours (safe; 1% risk of failure)
Confirm with . or Enter, or press ? or * to list all spells.
Aiming: Poisonous Vapours (safe; 1% risk of failure)
Press: ? - help, Dir - move target, f - gnoll bouda
Aim: a gnoll bouda, wielding a +0 war axe and wearing a +0 leather armour (heavily wounded, very poisoned) Poisonous vapours surround the gnoll bouda!
The gnoll bouda looks as sick as possible!
The gnoll bouda gazes fiercely through you!
You feel your attacks grow feeble.
You hear a shout!
You hit the gnoll bouda but do no damage.
The gnoll bouda is severely wounded.
You kill the gnoll bouda!
Qazlal accepts your kill.
Joseph unwields a +0 quarterstaff.
Joseph wields a +0 sling.
Joseph shoots a sling bullet.
The sling bullet hits you!
Aiming: Airstrike (dangerous; 4% risk of failure)
Press: ? - help, Q - select action, (/) - cycle Dir - move target, f - Joseph
Aim: Joseph, wielding a +0 sling and wearing a +0 leather armour (moderately wounded, very poisoned, empty space bonus: 3/8)
The air twists around and strikes Joseph.
Joseph is moderately wounded.
Aiming: Airstrike (dangerous; 4% risk of failure)
Press: ? - help, Q - select action, (/) - cycle Dir - move target, f/p - Joseph
Aim: Joseph, wielding a +0 sling and wearing a +0 leather armour (moderately wounded, very poisoned, empty space bonus: 3/8)
The air twists around and strikes Joseph.
Joseph is heavily wounded.
Your attacks no longer feel as feeble.
Joseph shoots a sling bullet.
The sling bullet hits you!
You hear a shout!
Casting: Airstrike (dangerous; 4% risk of failure)
Confirm with . or Enter, or press ? or * to list all spells.
Casting: Flame Wave (dangerous; 4% risk of failure)
Press: ? - help, Dir - look around, f - activate A wave of flame ripples out! (Press . to intensify the flame waves.) Joseph shoots a sling bullet.
The sling bullet hits you!!
* * * LOW HITPOINT WARNING * * *
Joseph shoots a sling bullet.
The sling bullet hits you!
You die...

#........#.## #.#
#...##......
#.#.##..##.#
#.._....##.#
###.#......########
#.#.##...#......#
#........#.####.##
##
######...#.##...)
....
#...#@##.#.##g.#.#
#...#)##.#..g.@..#
#.....@..@g##.....
#....###...# #.#
#...^....>...#
...............#
................#
######....####...
#..... ..###


You could see Joseph (very poisoned).

Vanquished Creatures
  A water moccasin (D:6)
  An ice beast (D:4)
  A sky beast (D:5)
  An ogre (D:6)
  A centaur (D:7)
  A bullfrog (D:7)
  2 necrophages
  A scorpion (D:7)
  Dowan (D:7)
  3 wights (D:7)
  A howler monkey (D:4)
  A gnoll bouda (D:7)
  11 hounds
  5 iguanas
  2 jellies
  2 orc wizards (D:5)
  Robin (D:3)
  9 adders
  A gnoll (D:7)
  2 shadow imps
  A white imp (D:5)
  An ufetubus (D:6)
  2 worms (D:2)
  7 dart slugs
  6 orcs
  3 ball pythons
  6 bats
  5 endoplasms
  6 giant cockroaches
  11 hobgoblins
  4 jackals (D:2)
  3 quokkas
  5 frilled lizards
  13 goblins
  7 kobolds
  14 rats
142 creatures vanquished.

Vanquished Creatures (others)
  A fungus (D:5)
1 creature vanquished.

Grand Total: 143 creatures vanquished

Notes
Turn   | Place    | Note
-------+----------+-------------------------------------------
     0 | D:1      | Banquo the Djinni Air Elementalist began the quest for the
                  | Orb.
     0 | D:1      | Banquo set off with the following spells memorised: Shock,
                  | Static Discharge, Swiftness, Airstrike.
     0 | D:1      | Reached XP level 1. HP: 15/15 MP: 0/0
    24 | D:1      | You are sucked into a shaft and drop 1 floor!
    79 | D:2      | Reached XP level 2. HP: 15/22 MP: 0/0
   100 | D:2      | Reached skill level 3 in Spellcasting
   144 | D:2      | Reached XP level 3. HP: 16/26 MP: 0/0
   144 | D:2      | Learned a level 1 spell: Necrotise
   146 | D:2      | Reached skill level 1 in Fighting
   382 | D:2      | Found a burning altar of Makhleb.
   518 | D:1      | Reached XP level 4. HP: 29/32 MP: 0/0
  2284 | D:3      | Reached XP level 5. HP: 27/38 MP: 0/0
  2284 | D:3      | Learned a level 2 spell: Poisonous Vapours
  2392 | D:3      | Noticed Robin
  2413 | D:3      | Killed Robin
  2414 | D:3      | Reached skill level 4 in Spellcasting
  2835 | D:3      | Found a stormy altar of Qazlal.
  2873 | D:3      | Became a worshipper of Qazlal Stormbringer
  3571 | D:4      | Reached XP level 6. HP: 36/44 MP: 0/0
  3761 | D:4      | Reached skill level 1 in Invocations
  3769 | D:4      | Noticed an ice beast
  4258 | D:4      | Killed an ice beast
  4259 | D:4      | Reached skill level 5 in Spellcasting
  4259 | D:4      | Reached XP level 7. HP: 42/49 MP: 0/0
  4259 | D:4      | Learned a level 3 spell: Inner Flame
  4489 | D:5      | Entered Level 5 of the Dungeon
  4847 | D:5      | Found a sacrificial altar of Ru.
  4923 | D:5      | Reached XP level 8. HP: 41/56 MP: 0/0
  5101 | D:5      | Found a staircase to the Ecumenical Temple.
  5409 | D:5      | Reached * piety under Qazlal
  5410 | D:5      | Reached skill level 6 in Spellcasting
  5527 | D:5      | Found a runed translucent door.
  5528 | D:5      | Noticed Crazy Yiuf
  6162 | D:6      | Found a basalt altar of Yredelemnul.
  6830 | D:7      | Reached XP level 9. HP: 41/62 MP: 0/0
  6830 | D:7      | Learned a level 4 spell: Flame Wave
  7013 | D:7      | Reached skill level 7 in Spellcasting
  7200 | D:7      | Noticed Dowan
  7206 | D:7      | Killed Dowan
  7373 | D:7      | Found a broken altar of Ashenzari.
  7406 | D:7      | Noticed Joseph
  7420 | D:7      | HP: 1/63 [Joseph/sling bullet (18)]
  7421 | D:7      | Shot with a sling bullet by Joseph

Illustrated notes

Levels and vault maps discovered:
D:1:      minmay_arrival_diagonal_passages, layout_basic
D:2:      layout_loops_corners, basic_altar, minivault_27,
          minmay_rat_gold_closets
D:3:      layout_basic, amcnicky_altar_gilded, minmay_hedge_maze, st_stairs_10,
          uniq_robin
D:4:      layout_basic
D:5:      layout_rooms, mainiacjoe_overflow_paths, temple_doors_cd,
          uniq_crazy_yiuf_cottage
D:6:      layout_layer_cave, lemuel_crystal_altar, serial_glass,
          glass_columns_a, glass_columns_a, glass_columns_c, glass_columns_c,
          glass_columns_a, glass_columns_c, minmay_strange_pillars
D:7:      layout_loops_cross, grunt_temple_overflow_champion_of_chaos,
          ashenzari_altar_1, amcnicky_mini_rare_corridor_liquid, uniq_joseph,
          uniq_duvessa

Skill      XL: |  1  2  3  4  5  6  7  8  9 |
---------------+----------------------------+-----
Spellcasting   | 3 4 5 6 7 |  7.2
Fighting       | 1 2 3 4 |  4.4
Invocations    | 1 2 3 |  3.5
Dodging        | 3 4 |  4.7
Stealth        | |  1.5

Action                     |  1- 3 |  4- 6 |  7- 9 || total
---------------------------+-------+-------+-------++-------
  Melee: Staff             |       |       |     6 ||     6
   Cast: Shock             |    69 |   162 |   104 ||   335
         Necrotise         |     2 |       |       ||     2
         Poisonous Vapours |       |    10 |    19 ||    29
         Airstrike         |       |       |    23 ||    23
         Static Discharge  |       |       |     4 ||     4
         Swiftness         |       |       |     1 ||     1
         Flame Wave        |       |       |     1 ||     1
    Use: Scroll            |       |       |     4 ||     4
 Armour: Robe              |     4 |     5 |    16 ||    25
  Dodge: Dodged            |    13 |    21 |    44 ||    78
  Block: Other             |       |       |     1 ||     1

Table legend: (Time is in decaauts)
 A = Elapsed time spent in this place.
 B = Non-inter-level travel time spent in this place.
 C = Inter-level travel time spent in this place.
 D = Time resting spent in this place.
 E = Time spent auto-exploring this place.
 F = Levels seen in this place.
 G = Mean time per level.
                   A        B        C        D        E       F      G
               +--------+--------+--------+--------+--------+-----+--------+
         Total |   7426 |   6667 |    759 |    734 |   4878 |   7 | 1060.9 |
       Dungeon |   7426 |   6667 |    759 |    734 |   4878 |   7 | 1060.9 |
               +--------+--------+--------+--------+--------+-----+--------+

Top non-repeatable levels by time:
     D:3: 1535 daAuts
     D:6: 1357 daAuts
     D:2: 1341 daAuts
     D:4: 940 daAuts
     D:1: 906 daAuts
     D:5: 890 daAuts
     D:7: 454 daAuts
